 Dungeon Crawl Stone Soup version 0.29.1-2-gbd0b4ee654 (webtiles) character file.

Game seed: 3640152918534753264

8 H0rd4k the Charlatan (level 2, 0/18 HPs)
             Began as an Octopode Artificer on Nov 3, 2022.
             Slain by a hobgoblin (4 damage)
             ... on level 1 of the Dungeon.
             The game lasted 00:00:11 (223 turns).

H0rd4k the Charlatan (Octopode Artificer)            Turns: 223, Time: 00:00:12

Health: 0/18       AC:  1    Str: 11    XL:     2   Next: 8%
Magic:  2/2        EV: 10    Int: 13    God:
Gold:   14         SH:  0    Dex: 12    Spells: 1/1 levels left

rFire   . . .      SeeInvis .   a - +0 club
rCold   . . .      Faith    .   (no shield)
rNeg    . . .      Spirit   .   (helmet restricted)
rPois   .          Reflect  .   (no amulet)
rElec   .          Harm     .   (no ring)
rCorr   .          Rampage  .   (no ring)
Will    .....                   (no ring)
Stlth   +++.......              (no ring)
HPRegen 0.06/turn               (no ring)
MPRegen 0.08/turn               (no ring)
                                (no ring)
                                (no ring)

@: constricted
A: almost no armour, amphibious, 8 rings, camouflage 1, gelatinous body 1,
(nimble swimmer 1), tentacles
a: no special abilities


You were on level 1 of the Dungeon.
You visited 1 branch of the dungeon, and saw 1 of its levels.

You collected 14 gold pieces.

Inventory:

Hand Weapons
 a - a +0 club (weapon)
Wands
 b - a wand of flame (15) (quivered)
 c - a wand of charming (15)
 d - a wand of iceblast (5)
Scrolls
 f - a scroll of amnesia {unknown}
Potions
 e - a potion of heal wounds {unknown}


   Skills:
 + Level 1.0 Fighting
 + Level 2.4 Dodging
 - Level 1.3 Stealth
 + Level 3.8 Evocations


You had one spell level left.
You didn't know any spells.
Your spell library contained the following spells:

 Spells                   Type           Power      Damage    Failure   Level
 Call Canine Familiar     Summ           0%         N/A       67%         3
 Portal Projectile        Hex/Tloc       0%         N/A       67%         3
 Leda's Liquefaction      Hex/Erth       0%         N/A       97%         4


Dungeon Overview and Level Annotations

Branches:
Dungeon (1/15)

Altars:


Innate Abilities, Weirdness & Mutations

You cannot wear most types of armour.
You are amphibious.
You can wear up to eight rings at the same time.
Your skin changes colour to match your surroundings (Stealth+).
Your rubbery body absorbs attacks. (AC +1, EV +1)
((You are camouflaged when in or above water. (Stealth+)))
You have tentacles for arms and can constrict up to eight enemies at once.


Message History

No target in view!
You see here a hobgoblin corpse.
Found a spear.
A hobgoblin comes into view.
The hobgoblin moves out of view.
No target in view!
No target in view!
A hobgoblin comes into view.
The hobgoblin shouts!
You hear a shout!
You hear an angry hiss.
The hobgoblin closely misses you.
There are monsters nearby!
You hit the hobgoblin. Your grab misses the hobgoblin.
Your squeeze misses the hobgoblin.
The hobgoblin is heavily wounded.
The hobgoblin misses you. The hobgoblin hits you.
The hobgoblin closely misses you. The hobgoblin misses you.
A ball python comes into view.
There are monsters nearby!
You barely miss the hobgoblin.
The ball python hisses angrily.
You grab the hobgoblin. You squeeze the hobgoblin.
You kill the hobgoblin!
The hobgoblin hits you.
There are monsters nearby!
You hit the hobgoblin but do no damage. You grab the hobgoblin.
You constrict the hobgoblin, but do no damage.
The hobgoblin barely misses you.
There are monsters nearby!
You completely miss the hobgoblin. You constrict the hobgoblin.
The hobgoblin closely misses you. The ball python closely misses you. x2
There are monsters nearby!
You hit the hobgoblin.
The hobgoblin is heavily wounded.
You constrict the hobgoblin. The hobgoblin hits you.
* * * LOW HITPOINT WARNING * * *
The ball python barely misses you. The ball python grabs you.
The ball python constricts you.
* * * LOW HITPOINT WARNING * * *
The hobgoblin hits you.
You die...

#####
#....##############
###.................#
............###.###.#
..........#.#.......####
.......gS.#.............
#@#######.#######.
#.#..†....# #.
#.#.###.#.#. #.#.
#.....#.....###.#.
###.)..##.......#.
#######.......#.
.......... ##........
##......


You could see a hobgoblin and a ball python.

Vanquished Creatures
  An endoplasm (D:1)
  3 hobgoblins (D:1)
  A quokka (D:1)
  A bat (D:1)
  A rat (D:1)
7 creatures vanquished.

Notes
Turn   | Place    | Note
-------+----------+-------------------------------------------
     0 | D:1      | H0rd4k the Octopode Artificer began the quest for the Orb.
     0 | D:1      | Reached XP level 1. HP: 13/13 MP: 1/1
   209 | D:1      | Reached XP level 2. HP: 18/18 MP: 2/2
   223 | D:1      | Slain by a hobgoblin

Illustrated notes

Levels and vault maps discovered:
D:1:      dpeg_arrival_pits, layout_basic

Action                   || total
-------------------------++-------
Melee: Club              ||    14
       Constrict         ||     4
       Tentacles         ||     3
Dodge: Dodged            ||    16
